 Dungeon Crawl Stone Soup version 0.21.1-1-g345015f (webtiles) character file.

42 Fortress the Sneak (level 3, -5/24 HPs)
             Began as a Vampire Ice Elementalist on June 12, 2018.
             Slain by a necrophage (6 damage)
             ... on level 1 of the Dungeon.
             The game lasted 00:19:33 (2658 turns).

Fortress the Sneak (Vampire Ice Elementalist)       Turns: 2658, Time: 00:19:34

Health: -5/24      AC:  3    Str:  8    XL:     3   Next: 35%
Magic:  0/6        EV: 12    Int: 17    God:
Gold:   58         SH:  0    Dex: 14    Spells: 6/7 levels left

rFire    . . .     SeeInvis +   g - +0 dagger
rCold    + + .     Gourm    .   (no shield)
rNeg     + + +     Faith    .   m - +0 leather armour
rPois    ∞         Spirit   .   (no helmet)
rElec    .         Reflect  .   (no cloak)
rCorr    .         Harm     .   (no gloves)
MR       .....                  (no boots)
Stlth    ++++......             (no amulet)
HPRegen  0.00/turn              (no ring)
MPRegen  0.10/turn              (no ring)

@: bloodless, non-regenerating
A: fangs 3, see invisible, unbreathing
a: Bat Form


You were on level 1 of the Dungeon.
You were bloodless.

You visited 1 branch of the dungeon, and saw 3 of its levels.

You collected 58 gold pieces.

Inventory:

Hand Weapons
 e - a +0 spear
 g - a +0 dagger (weapon)
 h - a +0 hunting sling
 q - a +1 dagger of draining
Missiles
 d - 21 poisoned needles
 i - 14 bolts
 l - 45 stones (quivered)
 o - 39 arrows
Armour
 a - a +0 robe
 m - a +0 leather armour (worn)
 r - a scarf of resistance
Scrolls
 k - a scroll of fog
 n - a scroll of amnesia
 s - 2 scrolls of identify {unknown}
Potions
 c - 5 potions of blood
 f - a potion of might {unknown}
 j - 2 potions of haste {unknown}
 p - a potion of flight {unknown}
Books
 b - a book of Frost

   Spells                             Type                      Level
   a - Freeze                         Ice                          1
   b - Throw Frost                    Conjuration/Ice              2
   c - Ozocubu's Armour               Charms/Ice                   3
   d - Throw Icicle                   Conjuration/Ice              4
   e - Summon Ice Beast               Ice/Summoning                4


   Skills:
 + Level 0.1 Fighting
 + Level 0.7 Short Blades
 + Level 2.5 Dodging
 + Level 3.6 Stealth
 + Level 2.5 Spellcasting
   Level 0.6 Conjurations
 * Level 3.4 Ice Magic


You had 6 spell levels left.
You knew the following spells:

 Your Spells              Type           Power        Failure   Level  Hunger
a - Freeze                Ice            ##..         6%          1    #......


Dungeon Overview and Level Annotations

Branches:
Dungeon (3/15)

Altars:
Ru


Innate Abilities, Weirdness & Mutations

You do not heal naturally.
You are immune to poison.
You have razor-sharp teeth.
You have supernaturally acute eyesight. (SInv)
You can survive without breathing.


Message History

The necrophage is heavily damaged.
The necrophage hits you.
You feel terrible.
You don't have enough magic at the moment.
Casting: Freeze
Confirm with . or Enter, or press ? or * to list all spells.
Aiming: Freeze
Press: ? - help, Shift-Dir - straight line, f/p - necrophage
Aim: a necrophage (heavily damaged)
You freeze the necrophage.
The necrophage resists.
The necrophage is heavily damaged.
The necrophage hits you!
* * * LOW HITPOINT WARNING * * *
As you read the scroll labeled KAM UNORUI, it crumbles to dust.
The scroll dissolves into smoke.
It was a scroll of fog.
The necrophage closely misses you.
As you read the scroll labeled PEHEKH ABRAEDI, it crumbles to dust.
It is a scroll of amnesia.
Okay, then.
The necrophage hits you.
You die...

#........##..........# #.#
#........##..........# #.#
#.......###..........# #.#
#.......# #..........# #.#
#.......# #..........# #.#
##.......# #........### #.#
.........###...>....# #.#
..................§§# #.#
...#########...§@§§.#####.#######
####### #....§n§§#.#.#.#.#.#.#
......♣ #....§§§§.............
8..8..♣ #........#.#.#.#.#.#.#
......♣ #.....................
..÷...♣♣ #........#.#.#.#.#.#.#
8..8...♣ ##.....##.............
.......♣ #.....###.#.#.#.#.#.#
8..8...♣ #..........##)#######


You could see a necrophage.

Vanquished Creatures
  An adder (D:2)
  2 oozes (D:1)
  A leopard gecko (D:1)
  3 bats
  2 giant cockroaches (D:1)
  2 hobgoblins (D:1)
  4 jackals
  4 kobolds
  3 goblins
  A rat (D:1)
23 creatures vanquished.

Notes
Turn   | Place    | Note
-------+----------+-------------------------------------------
     0 | D:1      | Fortress the Vampire Ice Elementalist began the quest for the Orb.
     0 | D:1      | Reached XP level 1. HP: 13/13 MP: 3/3
   459 | D:1      | Reached XP level 2. HP: 19/19 MP: 5/5
  1313 | D:2      | Found a sacrificial altar of Ru.
  1318 | D:2      | Reached XP level 3. HP: 19/24 MP: 3/6
  1407 | D:2      | Found a faded altar of an unknown god.
  1765 | D:2      | Noticed a necrophage
  2653 | D:1      | HP: 1/24 [necrophage (7)]
  2658 | D:1      | Slain by a necrophage

Action                   || total
-------------------------++-------
Melee: Dagger            ||    59
       Bite              ||     3
 Cast: Freeze            ||    33
 Abil: End Transformatio ||     1
       Bat Form          ||     1
  Use: Scroll            ||     2
 Stab: Sleeping          ||     7
  Eat: Corpse            ||     2
Armor: Robe              ||     4
       Leather armour    ||    13
Dodge: Dodged            ||    61
